Map: [ESL] Goldenaura

Players

Kelazhur - Winner!

  • Race: Terran Terran
  • League: Master
  • Spawn Location: 5:00

RedpackCuKu (CuKu)

  • Race: Terran Terran
  • Spawn Location: 12:00

Event: HomeStory Cup XXV

VOD

Have the link to the VOD?

Description

Time

  • Played on: June 22, 2024, 6:59 a.m.
  • Length: 4:37

All games in this series

Show
View Real Time Build Order
Export as new Build Order

Kelazhur Terran - Winner!

Build Orders: Cyclone Opening 

Get SALT Encoding   

  12  0:00  SCV  
  13  0:12  SCV  
  14  0:17  Supply Depot  
  14  0:24  SCV  
  15  0:38  SCV  
  15  0:40  Barracks  
  16  0:43  Refinery  
  16  0:50  SCV  
  16  0:52  Refinery  
  17  1:02  SCV  
  18  1:14  SCV  
  19  1:27  Orbital Command, Reaper  
  19  1:29  Supply Depot  
  20  1:42  Factory  
  21  1:56  Bunker  
  21  1:59  Reaper  
  21  2:02  SCV  
  22  2:14  SCV  
  23  2:26  SCV  
  23  2:28  Cyclone  
  26  2:30  Marine  
  26  2:35  Supply Depot  
  27  2:39  SCV  
  28  2:48  Marine  
  28  2:51  SCV  
  29  3:03  SCV  
  28  3:07  Marine  
  28  3:08  Cyclone  
  29  3:15  SCV  
  29  3:25  Marine  
  27  3:27  SCV  
  27  3:39  SCV  
  27  3:40  Cyclone  
  26  3:43  Marine  
  23  3:51  SCV  
  23  4:00  Marine  
  24  4:03  SCV  
  22  4:15  SCV  
Show
View Real Time Build Order
Export as new Build Order

RedpackCuKu Terran 

Build Orders:  

Get SALT Encoding   

  12  0:00  SCV  
  13  0:16  Supply Depot  
  13  0:39  Barracks  
  13  0:43  Refinery  
  13  0:53  Barracks  
  13  0:58  SCV  
  14  1:11  SCV  
  15  1:31  Orbital Command  
  15  1:42  Barracks Tech Lab  
  15  1:58  Barracks Tech Lab  
  15  2:00  Concussive Shells  
  15  2:01  Marauder  
  17  2:04  SCV  
  17  2:08  Supply Depot  
  18  2:13  Refinery  
  18  2:18  Marauder  
  20  2:26  Marauder  
  20  2:40  Marauder  
  21  2:48  Marauder  
  21  3:02  Marauder  
  19  3:10  Marauder  
  19  3:23  Marauder  
  19  3:38  Marauder  
Tags
 
Add a new tag
Caveats
  • Supply blocks, unpowered buildings, or Contaminate may cause inaccurate times.
  • Supply counts are checked every 10 seconds.